[Event "Titled Tuesday Blitz January 17 Early 2023"]
[White "Sielecki, Christof"]
[Black "Pourkashiyan, Atousa"]
[WhiteFideId "4620437"]
[BlackFideId "12502014"]
[WhiteElo "2419"]
[BlackElo "2282"]
[Result "1-0"]
[Round "03"]
[TimeControl "180+2"]
[Date "2023.01.17"]
[WhiteClock "0:00:06"]
[BlackClock "0:00:02"]

1. e4 c5 2. Nf3 e6 3. c3 a6 4. d4 d5 5. exd5 exd5 6. Bd3 Nf6 7. O-O c4 8. Bc2 Be7 9. Ne5 O-O 10. Bf4 Nc6 11. Nd2 h6 12. Re1 Re8 13. Qf3 Be6 14. h3 Rc8 15. Re2 b5 16. a3 a5 17. Rae1 Qb6 18. Nf1 b4 19. axb4 axb4 20. Ng3 b3 21. Nxc6 Qxc6 22. Bb1 Nh7 23. Qh5 Bd6 24. Bxh6 Bxg3 25. fxg3 gxh6 26. Qxh6 Nf8 27. Re5 Bf5 28. Qxc6 Rxc6 29. Bxf5 Rxe5 30. Rxe5 Kg7 31. Rxd5 Ra6 32. Rc5 Ra2 33. Rxc4 Rxb2 34. Rb4 Ne6 35. Bxe6 fxe6 36. c4 Rb1+ 37. Kh2 b2 38. c5 Kf6 39. c6 Ke7 40. h4 Kd6 41. h5 Kxc6 42. h6 1-0


[Site "https://www.chess.com"]

[Event "Titled Tuesday Blitz January 17 Early 2023"]
[White "Gutkin, Ilya"]
[Black "Guzman, Christopher"]
[WhiteFideId "16203470"]
[BlackFideId "6405096"]
[WhiteElo "2273"]
[BlackElo "2271"]
[Result "0-1"]
[Round "03"]
[TimeControl "180+2"]
[Date "2023.01.17"]
[WhiteClock "0:00:01"]
[BlackClock "0:00:13"]

1. e4 c6 2. d4 d5 3. Nc3 dxe4 4. Nxe4 Nf6 5. Nxf6+ exf6 6. Nf3 Bd6 7. Bd3 O-O 8. Be3 Na6 9. Qd2 Nb4 10. Be2 Nd5 11. O-O Re8 12. Bd3 b5 13. Rfe1 a5 14. a4 b4 15. c4 bxc3 16. bxc3 Rb8 17. Rab1 Bg4 18. Be2 Bf5 19. Bd3 Bg4 20. Be2 Qc7 21. h3 Nxe3 22. fxe3 Be6 23. Bd3 Bg3 24. Rxb8 Rxb8 25. Rb1 Rd8 26. Qb2 Bd5 27. e4 Be6 28. Qb6 g5 29. Qxc7 Bxc7 30. Kf2 Bf4 31. g3 Bc7 32. h4 h6 33. Rb7 Rd7 34. Rb2 Kg7 35. Rb1 Bd6 36. Rb2 Rc7 37. hxg5 hxg5 38. Rb1 Bd7 39. Rb2 c5 40. Bb5 cxd4 41. cxd4 Bb4 42. Bxd7 Rxd7 43. Ke3 Rc7 44. Rb3 Rc2 45. g4 Ra2 46. e5 Rxa4 47. Ke4 fxe5 48. Kxe5 Be7 49. Kf5 f6 50. Ke6 Bf8 51. Rb7+ Kg6 52. Rb8 Bg7 53. Rg8 Ra3 54. Nd2 Re3+ 55. Kd5 Rd3 56. Nc4 f5 57. gxf5+ Kh7 58. Nxa5 Rxd4+ 59. Kc5 Kxg8 60. Nc4 Rf4 61. Nd6 Bf8 62. Kd5 Bxd6 63. Kxd6 Rxf5 64. Ke6 Rf7 65. Ke5 g4 0-1


[Site "https://www.chess.com"]

[Event "Titled Tuesday Blitz January 17 Early 2023"]
[White "Divya Deshmukh"]
[Black "Liu, Casper"]
[WhiteFideId "35006916"]
[BlackFideId "1454153"]
[WhiteElo "2372"]
[BlackElo "2278"]
[Result "1-0"]
[Round "03"]
[TimeControl "180+2"]
[Date "2023.01.17"]
[WhiteClock "0:01:53"]
[BlackClock "0:00:45"]

1. e4 e5 2. Nc3 Nc6 3. Bc4 a6 4. a4 Nf6 5. d3 Bc5 6. f4 exf4 7. Bxf4 O-O 8. Qd2 d6 9. Bg5 Be6 10. O-O-O b5 11. Bd5 b4 12. Bxc6 bxc3 13. Qxc3 Nxe4 14. dxe4 Qxg5+ 15. Kb1 Rab8 16. Nf3 Qe3 17. Qxe3 Bxe3 18. Bd5 Rb4 19. b3 Bd7 20. Rhe1 Bf4 21. Rd4 Rxd4 22. Nxd4 Bxh2 23. Bc4 Be5 24. Nf3 Be6 25. Bxa6 Bc3 26. Re3 Ba5 27. Nd4 Bb6 28. Rd3 Bd7 29. Bb5 Bxd4 30. Bxd7 Bb6 31. b4 Rd8 32. Bc6 h5 33. a5 Ba7 34. b5 h4 35. e5 g5 36. exd6 cxd6 37. b6 Bb8 38. a6 1-0


[Site "https://www.chess.com"]

[Event "Titled Tuesday Blitz January 17 Early 2023"]
[White "Rian, Kapriaga"]
[Black "Perrine, Dalton"]
[WhiteFideId "7103263"]
[BlackFideId "2048434"]
[WhiteElo "2089"]
[BlackElo "2228"]
[Result "1/2-1/2"]
[Round "03"]
[TimeControl "180+2"]
[Date "2023.01.17"]
[WhiteClock "0:00:04"]
[BlackClock "0:00:04"]

1. d4 Nf6 2. Nf3 c5 3. d5 b5 4. e4 Nxe4 5. Bd3 Qa5+ 6. c3 Nf6 7. O-O Bb7 8. c4 bxc4 9. Bxc4 Ba6 10. Bxa6 Nxa6 11. Nc3 e6 12. Bg5 Be7 13. Ne5 Qc7 14. Nc4 Qb7 15. Bxf6 gxf6 16. dxe6 dxe6 17. Qa4+ Kf8 18. Rad1 Rg8 19. g3 Nb4 20. Rd7 Qc6 21. Qxc6 Nxc6 22. Rc7 Nd4 23. Rd1 a6 24. Ne4 Nb5 25. Rcd7 Ke8 26. a4 Nd4 27. Rc7 f5 28. Nxc5 Bxc5 29. Rxc5 Nf3+ 30. Kg2 Ng5 31. Rc7 Rd8 32. Nd6+ Kf8 33. h4 Rxd6 34. Rxd6 Ne4 35. Rdd7 Kg7 36. b4 Kg6 37. Rxf7 Rb8 38. Rg7+ Kf6 39. Rgf7+ Ke5 40. Rfd7 Rxb4 41. f4+ Kf6 42. Rf7+ Kg6 43. Rg7+ Kh5 44. Rxh7+ Kg6 45. Rhg7+ Kh6 46. Rh7+ Kg6 47. Rhg7+ Kh5 48. Rh7+ Kg6 1/2-1/2


[Site "https://www.chess.com"]

[Event "Titled Tuesday Blitz January 17 Early 2023"]
[White "Yelisieiev, Yevhenii"]
[Black "Carrasco Miranda, Andres"]
[WhiteFideId "14139642"]
[BlackFideId "3405990"]
[WhiteElo "2418"]
[BlackElo "2240"]
[Result "1-0"]
[Round "03"]
[TimeControl "180+2"]
[Date "2023.01.17"]
[WhiteClock "0:02:10"]
[BlackClock "0:01:54"]

1. d4 Nf6 2. Nf3 g6 3. g3 Bg7 4. Bg2 O-O 5. O-O c5 6. dxc5 Na6 7. Be3 Ng4 8. Bd4 e5 9. Bc3 Qc7 10. b4 e4 11. Bxg7 exf3 12. exf3 Kxg7 13. fxg4 Kg8 14. Qd4 Rb8 15. Nc3 b6 16. Nd5 bxc5 17. Ne7# 1-0


[Site "https://www.chess.com"]

[Event "Titled Tuesday Blitz January 17 Early 2023"]
[White "Ruiz Aguilar, Pablo Alexander"]
[Black "Lymar, Vladislav"]
[WhiteFideId "4401352"]
[BlackFideId "14162180"]
[WhiteElo "2161"]
[BlackElo "2119"]
[Result "0-1"]
[Round "03"]
[TimeControl "180+2"]
[Date "2023.01.17"]
[WhiteClock "0:01:36"]
[BlackClock "0:01:54"]

1. e4 c5 2. Nf3 Nc6 3. Nc3 Nf6 4. d4 cxd4 5. Nxd4 e5 6. Ndb5 Bc5 7. Nd6+ Ke7 8. Nf5+ Kf8 9. Bd3 d5 10. exd5 Nxd5 11. Nxd5 Qxd5 12. Ne3 Bxe3 13. Bxe3 Qxg2 14. Rf1 Bg4 15. Be2 Rd8 16. Bd2 Bh3 17. Bf3 Qxf1# 0-1


[Site "https://www.chess.com"]

[Event "Titled Tuesday Blitz January 17 Early 2023"]
[White "MitzyCaballero"]
[Black "Ilkhomi, Jaloliddin"]
[BlackFideId "14700948"]
[WhiteElo "2235"]
[BlackElo "1997"]
[Result "0-1"]
[Round "03"]
[TimeControl "180+2"]
[Date "2023.01.17"]
[WhiteClock "0:00:05"]
[BlackClock "0:00:41"]

1. d4 Nf6 2. Nf3 e6 3. e3 b6 4. Bd3 Bb7 5. O-O d5 6. b3 Bd6 7. Bb2 Nbd7 8. Ne5 O-O 9. Nd2 Ne4 10. f3 Nxd2 11. Qxd2 f6 12. Nxd7 Qxd7 13. Rae1 e5 14. dxe5 Bxe5 15. Ba3 c5 16. c4 d4 17. e4 Rae8 18. f4 Bb8 19. Re2 Qg4 20. h3 Qg3 21. Rf3 Qh4 22. Rf1 Re7 23. Bc1 Rfe8 24. Rfe1 Qg3 25. a3 g5 26. fxg5 Qh2+ 27. Kf1 Bg3 28. Rf2 Bxe4 29. Rxe4 Rxe4 30. Bxe4 Rxe4 31. gxf6 Qh1# 0-1


[Site "https://www.chess.com"]

[Event "Titled Tuesday Blitz January 17 Early 2023"]
[White "Sargissyan, Sargis"]
[Black "Taboas Rodriguez, Daniel"]
[WhiteFideId "13303210"]
[BlackFideId "2208466"]
[WhiteElo "2234"]
[BlackElo "2371"]
[Result "0-1"]
[Round "03"]
[TimeControl "180+2"]
[Date "2023.01.17"]
[WhiteClock "0:00:19"]
[BlackClock "0:00:22"]

1. e4 e5 2. Nf3 Nc6 3. Bb5 Nf6 4. d3 d6 5. c3 Bd7 6. Nbd2 g6 7. Nf1 Bg7 8. Ng3 O-O 9. O-O h6 10. Re1 Nh7 11. d4 Nxd4 12. Nxd4 exd4 13. Bxd7 dxc3 14. Ba4 cxb2 15. Bxb2 Bxb2 16. Rb1 Be5 17. Rxb7 a5 18. Qc2 c5 19. Bb3 Rb8 20. Ra7 Qb6 21. Re7 Rb7 22. Rxb7 Qxb7 23. Qc1 Qb4 24. f4 Bxf4 25. Qd1 Qd4+ 26. Qxd4 cxd4 27. Rd1 Nf6 28. Ne2 Be3+ 29. Kf1 Nxe4 30. Nxd4 Nd2+ 31. Ke2 Bxd4 32. Rxd2 Bc5 33. Kf3 Kg7 34. Re2 Kf6 35. Bd5 Rb8 36. h3 Rb4 37. Re8 Rd4 38. Bb3 Rd3+ 39. Ke2 Rg3 40. Kf1 Re3 41. Rf8 Re7 42. Bc4 a4 43. g4 a3 44. Bb3 Rd7 45. Bd5 Re7 46. Kg2 Kg7 47. Rb8 Re5 48. Bb3 Re2+ 49. Kg3 Re3+ 50. Kg2 f5 51. Rb7+ Kf6 52. gxf5 Kxf5 53. Rf7+ Kg5 54. Rg7 Rxb3 55. axb3 a2 56. h4+ Kxh4 0-1


[Site "https://www.chess.com"]

[Event "Titled Tuesday Blitz January 17 Early 2023"]
[White "Dilanyan, Grigor"]
[Black "Ovezdurdyyeva, Jemal"]
[WhiteFideId "13303570"]
[BlackFideId "14001888"]
[WhiteElo "2174"]
[BlackElo "2078"]
[Result "1-0"]
[Round "03"]
[TimeControl "180+2"]
[Date "2023.01.17"]
[WhiteClock "0:00:38"]
[BlackClock "0:00:17"]

1. e4 d6 2. d4 Nf6 3. Nc3 g6 4. Be3 c6 5. Qd2 h5 6. f3 Bg7 7. O-O-O Nbd7 8. e5 dxe5 9. dxe5 Nd5 10. Nxd5 cxd5 11. Qxd5 Bxe5 12. Bb5 Bd6 13. Ne2 a6 14. Bc4 Rh7 15. Bf4 Nb6 16. Qd4 Bxf4+ 17. Qxf4 Bd7 18. Bb3 Qc8 19. Rhe1 Qc5 20. Nc3 O-O-O 21. Re5 Qc7 22. Qe3 e6 23. Rc5 Bc6 24. Rxd8+ Qxd8 25. a4 Nd7 26. Rc4 Kb8 27. Ne4 Bxe4 28. Rxe4 Rh8 29. Rd4 Qc7 30. Rxd7 Qxd7 31. Qe5+ Ka7 32. Qxh8 Qc7 33. Qd4+ Ka8 34. f4 1-0


[Site "https://www.chess.com"]

[Event "Titled Tuesday Blitz January 17 Early 2023"]
[White "Golubev, Mikhail"]
[Black "Hoffmann, Asa"]
[WhiteFideId "14100983"]
[BlackFideId "2001470"]
[WhiteElo "2461"]
[BlackElo "2185"]
[Result "1-0"]
[Round "03"]
[TimeControl "180+2"]
[Date "2023.01.17"]
[WhiteClock "0:00:03"]
[BlackClock "0:01:11"]

1. e4 d6 2. d4 Nf6 3. f3 Nbd7 4. c4 e5 5. Be3 Be7 6. Nc3 c6 7. Qd2 a6 8. Bd3 b5 9. b3 O-O 10. Nge2 Bb7 11. O-O Qc7 12. Rac1 b4 13. Na4 c5 14. d5 Ne8 15. f4 Bf6 16. f5 Qd8 17. g4 h6 18. Ng3 Bg5 19. Rce1 Bxe3+ 20. Rxe3 f6 21. h4 Kf7 22. Nh5 Ke7 23. Rg3 Rh8 24. Kf2 Nf8 25. Rh1 Bc8 26. g5 Bd7 27. gxf6+ gxf6 28. Rhg1 Bxa4 29. bxa4 Kd7 30. Ng7 Kc8 31. Ne6 Qd7 32. Rg7 Qxa4 33. Re7 Nxe6 34. fxe6 Rb8 35. Be2 b3 36. axb3 Qxb3 37. Rg3 Qb2 38. Qxb2 Rxb2 39. Ke1 Nc7 40. Bg4 Kb8 41. Rf7 a5 42. e7 Re8 43. Bd7 Rxe7 44. Rxe7 a4 45. Bxa4 Rb4 46. Bc6 Ka7 47. Rxc7+ Kb6 48. Rb7+ Ka6 49. Ra3+ Ra4 50. Rxa4# 1-0


[Site "https://www.chess.com"]

[Event "Titled Tuesday Blitz January 17 Early 2023"]
[White "Fecker, Noah"]
[Black "Petrova, Irina"]
[WhiteFideId "1334263"]
[BlackFideId "14124122"]
[WhiteElo "2388"]
[BlackElo "2108"]
[Result "0-1"]
[Round "03"]
[TimeControl "180+2"]
[Date "2023.01.17"]
[WhiteClock "0:00:16"]
[BlackClock "0:00:30"]

1. c4 d6 2. Nc3 g6 3. g3 Bg7 4. Bg2 Nc6 5. d3 e5 6. Bd2 f5 7. h4 Nf6 8. Qc1 O-O 9. Bh6 Be6 10. Nh3 Ng4 11. Bxg7 Kxg7 12. h5 f4 13. gxf4 exf4 14. hxg6 hxg6 15. Ne4 Nd4 16. Qc3 c5 17. e3 fxe3 18. fxe3 Nxe3 19. Nhg5 Nxg2+ 20. Kd2 Rf2+ 21. Kd1 Ne3+ 22. Kc1 Rc2+ 23. Qxc2 Nexc2 24. Rh7+ Kg8 25. Rb1 Qf8 26. Kd2 Nf3+ 27. Kxc2 Nxg5 28. Nxg5 Qf2+ 29. Kb3 Qe3 30. Nxe6 Qxd3+ 31. Ka4 Qxc4+ 32. b4 Kxh7 33. Rh1+ Kg8 34. Nc7 Qxb4# 0-1


[Site "https://www.chess.com"]

[Event "Titled Tuesday Blitz January 17 Early 2023"]
[White "Mrudul Dehankar"]
[Black "Le Ruyet, Leopold"]
[WhiteFideId "25096990"]
[BlackFideId "645923"]
[WhiteElo "2030"]
[BlackElo "2245"]
[Result "1/2-1/2"]
[Round "03"]
[TimeControl "180+2"]
[Date "2023.01.17"]
[WhiteClock "0:00:04"]
[BlackClock "0:00:12"]

1. e4 c5 2. Nf3 d6 3. d4 cxd4 4. Nxd4 Nf6 5. Nc3 a6 6. Bg5 e6 7. f4 Be7 8. Qf3 Qc7 9. O-O-O Nbd7 10. g4 h6 11. Bh4 b5 12. Bxf6 Bxf6 13. Bxb5 O-O 14. Bxd7 Bxd7 15. h4 Rab8 16. Nb3 Rfc8 17. Rd3 g6 18. g5 hxg5 19. hxg5 Bg7 20. Rhd1 Rb6 21. Qf2 Rc6 22. e5 d5 23. Nd4 Rc4 24. Kb1 Rb8 25. Nce2 Qb6 26. Rb3 Qc7 27. Rh1 Rc8 28. Rc1 a5 29. Qe3 a4 30. Rc3 Qb7 31. Rxc4 Rxc4 32. b3 Rc8 33. Qd3 Qb4 34. c3 Qb6 35. b4 Bf8 36. a3 Rc4 37. Kb2 Bg7 38. Nc2 Bc8 39. Ncd4 Ba6 40. Qe3 Qc7 41. Ng3 Bb7 42. Nf1 Qb6 43. Nd2 Rc8 44. N2f3 Ba6 45. Qd2 Bc4 46. Qe3 Rc7 47. Nd2 Ba6 48. Qf2 Qa7 49. Qe3 Qb6 50. N2f3 Bc4 51. Nd2 Ba6 1/2-1/2


[Site "https://www.chess.com"]

[Event "Titled Tuesday Blitz January 17 Early 2023"]
[White "Vasques, Antonio Pedro Freixial"]
[Black "Janaszak, Dawid"]
[WhiteFideId "1908332"]
[BlackFideId "1119206"]
[WhiteElo "2214"]
[BlackElo "2316"]
[Result "1/2-1/2"]
[Round "03"]
[TimeControl "180+2"]
[Date "2023.01.17"]
[WhiteClock "0:00:28"]
[BlackClock "0:00:13"]

1. e4 e5 2. Nf3 Nc6 3. Bc4 d6 4. O-O Be7 5. Re1 Nf6 6. c3 O-O 7. d4 Bg4 8. d5 Nb8 9. Nbd2 c6 10. dxc6 bxc6 11. Bb3 Nbd7 12. Nf1 Nc5 13. Bc2 d5 14. exd5 e4 15. h3 Bh5 16. Ng3 exf3 17. Nxh5 Nxh5 18. Qxf3 Nf6 19. dxc6 Re8 20. Bf4 Ne6 21. Be5 Qb6 22. Bb3 Rac8 23. Bxe6 fxe6 24. b4 Qxc6 25. Qg3 Rf8 26. Rad1 Rf7 27. Bd4 Ne4 28. Qe5 Nxc3 29. Rc1 Bxb4 30. a3 Ne2+ 31. Qxe2 Qxc1 32. Rxc1 Rxc1+ 33. Kh2 Bd6+ 34. g3 a6 35. Qxe6 Bxa3 36. Qe8+ Bf8 37. Qe6 Rc7 38. Qxa6 Rcd7 39. Be3 h6 40. Qe6 Re7 41. Qg4 Kh8 42. Kg2 Re8 43. Qg6 Ree7 44. Bc5 Rd7 45. Bxf8 Rxf8 46. Qe4 Rdf7 47. Qe3 Rf6 48. h4 Rf5 49. f4 R5f7 50. Qe6 Rf6 51. Qe5 Rf5 52. Qe4 R5f7 53. Kh3 Rd8 54. Kg4 Rfd7 55. Qe5 Rd5 56. Qe4 Rd4 57. Qe7 R4d7 58. Qe6 Rd6 59. Qe5 Rg6+ 60. Kh3 Rf6 61. f5 Rdf8 62. Kg4 h5+ 63. Kg5 Rh6 64. Qe7 Rhf6 65. Qd7 Kh7 66. Kxh5 Rxf5+ 67. Kg4 R5f6 68. Qd3+ Kh8 69. h5 Rh6 70. Kh4 Rhf6 71. g4 Rf3 72. Qd5 Rf1 73. Kg5 R1f6 74. Qd7 R8f7 75. Qe8+ Rf8 76. Qe5 R8f7 77. h6 gxh6+ 78. Kh5 Kg7 79. g5 hxg5 80. Kxg5 Kg8 81. Qe8+ Kg7 82. Qe5 Kh7 83. Qxf6 Rxf6 84. Kxf6 1/2-1/2


[Site "https://www.chess.com"]

[Event "Titled Tuesday Blitz January 17 Early 2023"]
[White "Zanette, Edgard Vinicius"]
[Black "Belov, Alexei"]
[WhiteFideId "2109263"]
[BlackFideId "4128206"]
[WhiteElo "2085"]
[BlackElo "2421"]
[Result "0-1"]
[Round "03"]
[TimeControl "180+2"]
[Date "2023.01.17"]
[WhiteClock "0:00:09"]
[BlackClock "0:00:51"]

1. e4 e6 2. d4 d5 3. Nd2 Nf6 4. e5 Nfd7 5. Bd3 c5 6. c3 Nc6 7. Ne2 f6 8. Nf4 Qe7 9. exf6 Qxf6 10. Nf3 cxd4 11. cxd4 Bb4+ 12. Kf1 O-O 13. Bc2 g6 14. h4 Bd6 15. Ne2 e5 16. dxe5 Ndxe5 17. Bg5 Qf7 18. Neg1 Nxf3 19. Nxf3 Ne5 20. Bh6 Nxf3 21. Bxf8 Nh2+ 22. Rxh2 Bxh2 23. Bc5 Bd7 24. Qd3 a6 25. a4 Rc8 26. Bd4 Bf5 27. Qh3 Bxh3 0-1


[Site "https://www.chess.com"]

[Event "Titled Tuesday Blitz January 17 Early 2023"]
[White "Hirneise, Jens"]
[Black "Garmash, Aliona"]
[WhiteFideId "24614734"]
[BlackFideId "34127620"]
[WhiteElo "2277"]
[BlackElo "2039"]
[Result "1-0"]
[Round "03"]
[TimeControl "180+2"]
[Date "2023.01.17"]
[WhiteClock "0:01:10"]
[BlackClock "0:00:01"]

1. Nf3 d5 2. d4 Nf6 3. e3 Bf5 4. Be2 e6 5. O-O c5 6. c3 Nc6 7. a3 Be7 8. b4 c4 9. Nbd2 h6 10. a4 O-O 11. Nh4 Bh7 12. Nhf3 Ne4 13. Nxe4 Bxe4 14. Nd2 Bg6 15. e4 a6 16. Re1 b5 17. a5 dxe4 18. Bh5 Bxh5 19. Qxh5 Qd5 20. Qh3 f5 21. f3 exf3 22. Nxf3 Bf6 23. Bf4 Rae8 24. Be5 Bxe5 25. Nxe5 Nxe5 26. Rxe5 Qd7 27. Rae1 Rf6 28. d5 Re7 29. Qe3 Kf7 30. Kh1 Qd6 31. h4 f4 32. Qe4 Qd7 33. Qd4 Kf8 34. Qb6 f3 35. Qxa6 fxg2+ 36. Kxg2 exd5 37. Qa8+ 1-0


[Site "https://www.chess.com"]

[Event "Titled Tuesday Blitz January 17 Early 2023"]
[White "Abdilkhair, Abilmansur"]
[Black "Al-Tarboush, Ward"]
[WhiteFideId "13716417"]
[BlackFideId "7601450"]
[WhiteElo "2268"]
[BlackElo "2256"]
[Result "0-1"]
[Round "03"]
[TimeControl "180+2"]
[Date "2023.01.17"]
[WhiteClock "0:00:09"]
[BlackClock "0:01:14"]

1. d4 Nf6 2. c4 g6 3. Nc3 d5 4. cxd5 Nxd5 5. e4 Nxc3 6. bxc3 Bg7 7. Bc4 c5 8. Ne2 O-O 9. O-O Nc6 10. Be3 b6 11. Rc1 Qc7 12. dxc5 bxc5 13. Nf4 e6 14. Qe2 Ne5 15. Bb3 a5 16. Rfd1 a4 17. Bc2 Ba6 18. Qe1 Bc4 19. Bb1 Ng4 20. h3 Nxe3 21. Qxe3 Bh6 22. Nxe6 Bxe3 23. Nxc7 Bxc1 24. Nxa8 Bb2 25. Nb6 Bb5 26. c4 Be8 27. Rd8 Bc6 28. Rd6 Be8 29. Bc2 a3 30. Nd5 Be5 31. Ra6 Bb2 32. f4 Kg7 33. e5 Bd7 34. Kh2 Be6 35. Ra5 Rc8 36. Bb3 g5 37. Ra7 gxf4 38. Nxf4 Bxe5 39. g3 Bxf4 40. gxf4 Rd8 41. Rxa3 Rd2+ 42. Kg3 Rd3+ 43. Kf2 Bxc4 44. Ra5 Bxb3 45. axb3 Rxb3 46. Rxc5 Rxh3 47. Rg5+ Kf6 48. Rb5 Ra3 49. Kg2 Kg6 50. Kf2 h5 51. Rg5+ Kh6 52. Rg8 Ra6 53. Kg2 Rg6+ 54. Rxg6+ Kxg6 55. Kg3 Kf5 56. Kf3 h4 57. Ke3 Kg4 58. Ke4 h3 59. Ke5 h2 60. f5 h1=Q 61. Kf6 Qd5 62. Kg7 Qxf5 63. Kf8 Qd7 64. Kg7 f5+ 65. Kf6 f4 66. Ke5 f3 67. Kf6 f2 68. Ke5 f1=Q 0-1


[Site "https://www.chess.com"]

[Event "Titled Tuesday Blitz January 17 Early 2023"]
[White "Garakov, Mikhael"]
[Black "Alfaro, William"]
[WhiteFideId "4169034"]
[BlackFideId "6100457"]
[WhiteElo "2447"]
[BlackElo "2134"]
[Result "1/2-1/2"]
[Round "03"]
[TimeControl "180+2"]
[Date "2023.01.17"]
[WhiteClock "0:00:11"]
[BlackClock "0:01:16"]

1. e4 c5 2. Nf3 Nc6 3. Bb5 e6 4. Bxc6 bxc6 5. d3 f6 6. Nh4 g6 7. f4 f5 8. Nf3 fxe4 9. dxe4 Bg7 10. O-O Ne7 11. e5 O-O 12. Nc3 Nd5 13. Ng5 d6 14. Nce4 dxe5 15. fxe5 Bxe5 16. Rxf8+ Qxf8 17. c4 Nf6 18. Be3 Nxe4 19. Nxe4 Ba6 20. Qc2 Rd8 21. Rf1 Qg7 22. Nxc5 Bxh2+ 23. Kxh2 Qe5+ 24. Bf4 Qxc5 25. b3 Rf8 26. Qe2 Bc8 27. Bg3 Rf5 28. Rxf5 gxf5 29. Qh5 Bd7 30. Qg5+ Kf7 31. Bh4 Qe5+ 32. Kg1 Qa1+ 33. Kh2 Qe5+ 34. Kg1 Qa1+ 35. Kh2 Qe5+ 1/2-1/2


[Site "https://www.chess.com"]

[Event "Titled Tuesday Blitz January 17 Early 2023"]
[White "Florescu, Codrut-Constantin"]
[Black "Kabilov, Amin"]
[WhiteFideId "1202200"]
[BlackFideId "14700859"]
[WhiteElo "2259"]
[BlackElo "2207"]
[Result "1-0"]
[Round "03"]
[TimeControl "180+2"]
[Date "2023.01.17"]
[WhiteClock "0:00:40"]
[BlackClock "0:00:01"]

1. d4 Nf6 2. c4 c5 3. dxc5 e6 4. a3 a5 5. e3 Bxc5 6. Nf3 O-O 7. Nc3 d5 8. cxd5 exd5 9. Be2 Nc6 10. O-O Re8 11. Nb5 Ne4 12. Nbd4 Bg4 13. Bd2 Nxd4 14. Nxd4 Bxd4 15. Bxg4 Bxb2 16. Rb1 Bxa3 17. Rxb7 Re7 18. Rb3 Bc5 19. Bc1 a4 20. Rd3 Nf6 21. Bb2 Rb7 22. Bxf6 Qxf6 23. Bf3 Rc7 24. Bxd5 Ra5 25. e4 a3 26. Rf3 Qe5 27. Ba2 Bf8 28. Qd3 Raa7 29. g3 Qb2 30. Qd5 Rc2 31. Rxf7 Qxa2 32. Rxa7+ Qxd5 33. exd5 Bc5 34. Ra8+ Kf7 35. Kg2 1-0


[Site "https://www.chess.com"]

[Event "Titled Tuesday Blitz January 17 Early 2023"]
[White "Zampronha, Wladimir Camilo"]
[Black "Salman, Pavel"]
[WhiteFideId "2103087"]
[BlackFideId "24153753"]
[WhiteElo "2176"]
[BlackElo "2287"]
[Result "0-1"]
[Round "03"]
[TimeControl "180+2"]
[Date "2023.01.17"]
[WhiteClock "0:00:42"]
[BlackClock "0:01:50"]

1. e4 c5 2. Nf3 e6 3. d4 cxd4 4. Nxd4 a6 5. Bd3 Bc5 6. Nb3 Ba7 7. Qg4 Nf6 8. Qg3 O-O 9. O-O d6 10. Be3 Nc6 11. Bxa7 Rxa7 12. Nc3 b5 13. Rad1 Rd7 14. a4 b4 15. Ne2 Bb7 16. Rfe1 Ne5 17. Ned4 Qb6 18. Kh1 Qd8 19. f4 Nh5 20. Qf2 Ng4 21. Qf3 Qh4 22. h3 Nf2+ 23. Kg1 Nxd1 24. Rxd1 Nxf4 25. Na5 Ba8 26. Nac6 Rc7 27. Nxb4 f5 28. g3 Nxh3+ 29. Kg2 Qh6 0-1


[Site "https://www.chess.com"]

[Event "Titled Tuesday Blitz January 17 Early 2023"]
[White "Fiorito, Francisco"]
[Black "Vaglio Munoz, Jaime"]
[WhiteFideId "180165"]
[BlackFideId "6500145"]
[WhiteElo "2305"]
[BlackElo "2174"]
[Result "1-0"]
[Round "03"]
[TimeControl "180+2"]
[Date "2023.01.17"]
[WhiteClock "0:00:06"]
[BlackClock "0:00:25"]

1. d4 c6 2. e4 Qa5+ 3. c3 d5 4. exd5 cxd5 5. Nf3 Bg4 6. Bd3 Nc6 7. h3 Bh5 8. O-O e6 9. Bf4 Nf6 10. Nbd2 Be7 11. Qc2 Bg6 12. Bxg6 hxg6 13. Rfe1 O-O 14. h4 Rac8 15. a3 b5 16. Qd3 Qb6 17. g3 a5 18. b4 axb4 19. axb4 Ra8 20. Kg2 Ra4 21. Ng5 Rfa8 22. Rxa4 bxa4 23. Ra1 a3 24. Ra2 Qb7 25. Ngf3 Nh5 26. Bg5 Bf8 27. g4 Nf6 28. Bxf6 gxf6 29. h5 Kg7 30. hxg6 fxg6 31. Nb3 Bxb4 32. Nh4 f5 33. gxf5 exf5 34. Qg3 Qf7 35. cxb4 Nxb4 36. Ra1 Qf6 37. Nc5 Nc2 38. Ra2 Nxd4 39. Qc7+ Qf7 40. Qe5+ Qf6 41. Qxd5 Qxh4 42. Qxd4+ Qxd4 43. Ne6+ Kf6 44. Nxd4 Ra5 45. Nc2 Rc5 46. Nxa3 Ra5 47. Ra1 g5 48. Nc2 Rc5 49. Ne3 g4 50. Ra4 Kg5 51. Ra2 f4 52. Nf1 Rc1 53. Rd2 Kh4 54. Nh2 f3+ 55. Nxf3+ gxf3+ 56. Kxf3 Kg5 57. Ke4 Kf6 58. Rd6+ Ke7 59. Ra6 Re1+ 60. Kf5 Rf1 61. f4 Rb1 62. Ra7+ Kf8 63. Kg5 Rg1+ 64. Kf6 Kg8 65. f5 Rb1 66. Ra8+ Kh7 67. Ra6 Kg8 68. Ke6 Re1+ 69. Kf6 Rb1 70. Re6 Rb7 71. Re8+ Kh7 72. Re7+ Rxe7 73. Kxe7 Kg7 74. f6+ Kh7 75. f7 Kg6 76. f8=Q Kg5 77. Qg7+ Kh5 78. Qg2 1-0


[Site "https://www.chess.com"]

[Event "Titled Tuesday Blitz January 17 Early 2023"]
[White "Bommini, Mounika Akshaya"]
[Black "Turzo, Attila"]
[WhiteFideId "25019872"]
[BlackFideId "704954"]
[WhiteElo "2118"]
[BlackElo "2279"]
[Result "0-1"]
[Round "03"]
[TimeControl "180+2"]
[Date "2023.01.17"]
[WhiteClock "0:00:04"]
[BlackClock "0:00:33"]

1. d4 Nf6 2. Bf4 d5 3. e3 c5 4. c3 Nc6 5. Nd2 Bf5 6. Qb3 Qd7 7. Ngf3 e6 8. Ne5 Qc8 9. Bb5 Nd7 10. Ndf3 f6 11. Nxd7 Qxd7 12. Nh4 c4 13. Qa4 Bd3 14. b3 g5 15. bxc4 gxf4 16. cxd5 Bxb5 17. Qxb5 exd5 18. O-O Bh6 19. exf4 Bxf4 20. Rfe1+ Kf7 21. Qd3 Bg5 22. Nf5 Rae8 23. h4 Bf4 24. g3 Re4 25. Rxe4 Qxf5 26. Qf3 dxe4 27. Qxf4 Qxf4 28. gxf4 Na5 29. Kf1 Rc8 0-1


[Site "https://www.chess.com"]

[Event "Titled Tuesday Blitz January 17 Early 2023"]
[White "De Souza, Cristiano Gomes"]
[Black "Schekachikhin, Maksim"]
[WhiteFideId "2151758"]
[BlackFideId "24177830"]
[WhiteElo "2018"]
[BlackElo "2371"]
[Result "0-1"]
[Round "03"]
[TimeControl "180+2"]
[Date "2023.01.17"]
[WhiteClock "0:00:04"]
[BlackClock "0:00:15"]

1. d4 Nf6 2. c4 e6 3. Nf3 a6 4. Nc3 d5 5. Bg5 dxc4 6. a4 Nc6 7. e4 Na5 8. e5 h6 9. Bh4 g5 10. Nxg5 hxg5 11. Bxg5 Be7 12. exf6 Bxf6 13. Be3 b6 14. Be2 Bb7 15. Bf3 Qd6 16. Ne4 Bxe4 17. Bxe4 O-O-O 18. Qf3 Bxd4 19. Rd1 Qb4+ 20. Bd2 Qc5 21. O-O f5 22. Ba8 c3 23. bxc3 Be5 24. g3 Kb8 25. c4 Ka7 26. Bxa5 Rxa8 27. Bd2 Bd4 28. a5 Rad8 29. axb6+ cxb6 30. Bg5 Rc8 31. Rd2 Rhf8 32. Rfd1 e5 33. Qb3 f4 34. Kg2 fxg3 35. hxg3 Qc6+ 36. Kg1 Rf3 37. Rd3 Rxf2 0-1


[Site "https://www.chess.com"]

[Event "Titled Tuesday Blitz January 17 Early 2023"]
[White "Ruge, Edison"]
[Black "Ibadov, Dashgyn"]
[WhiteFideId "4401000"]
[BlackFideId "24107514"]
[WhiteElo "2201"]
[BlackElo "2391"]
[Result "0-1"]
[Round "03"]
[TimeControl "180+2"]
[Date "2023.01.17"]
[WhiteClock "0:00:12"]
[BlackClock "0:00:26"]

1. e4 e6 2. d3 d5 3. Nd2 Nf6 4. Ngf3 c5 5. g3 Nc6 6. Bg2 g6 7. O-O Bg7 8. c3 O-O 9. Re1 a5 10. a4 b6 11. exd5 exd5 12. Nb3 Bb7 13. d4 c4 14. Nbd2 Bc8 15. Nf1 Bf5 16. Ne5 Nxe5 17. Rxe5 Be4 18. Bg5 h6 19. Bxe4 hxg5 20. Bg2 Ne4 21. Rxe4 dxe4 22. Bxe4 Ra7 23. Ne3 Re7 24. Qf3 Qc8 25. Bd5 Rfe8 26. Nxc4 g4 27. Qd3 Re1+ 28. Rxe1 Rxe1+ 29. Kg2 Qd7 30. Nxb6 Qd6 31. Qb5 Kh7 32. Nc4 Qe7 33. Nxa5 Rb1 34. h3 Qe1 0-1


[Site "https://www.chess.com"]